 Dungeon Crawl Stone Soup version 0.30-a0-639-g3916f1956a (webtiles) character file.

Game seed: 12065368480502617659

426 blahman3 the Covered (level 6, -8/55 HPs)
             Began as a Minotaur Fighter on Jan 15, 2023.
             Killed by divine providence
             ... invoked by an orc priest
              (12 damage)
             ... on level 4 of the Dungeon.
             The game lasted 00:13:34 (2643 turns).

blahman3 the Covered (Minotaur Fighter)             Turns: 2643, Time: 00:13:34

Health: -8/55      AC:  8    Str: 23    XL:     6   Next: 64%
Magic:  5/5        EV: 10    Int:  5    God:
Gold:   186        SH:  4    Dex:  9    Spells: 5/5 levels left

rFire   . . .      SeeInvis .    a - +0 war axe
rCold   . . .      Faith    .    c - +0 buckler
rNeg    . . .      Spirit   .    b - +0 scale mail
rPois   .          Reflect  .    (helmet restricted)
rElec   .          Harm     .    (no cloak)
rCorr   .          Rampage  .    (no gloves)
Will    .....                    n - +0 pair of boots Stlth
                                 (no amulet)
HPRegen 0.29/turn                (no ring)
MPRegen 0.09/turn                (no ring)

@: no status effects
A: horns 2, retaliatory headbutt
a: no special abilities


You were on level 4 of the Dungeon.
You visited 1 branch of the dungeon, and saw 4 of its levels.

You collected 186 gold pieces.

Inventory:

Hand Weapons
 a - a +0 war axe (weapon)
Missiles
 h - 8 poisoned darts (quivered)
 r - 2 javelins
Armour
 b - a +0 scale mail (worn)
 c - a +0 buckler (worn)
 n - a +0 pair of boots (worn)
Scrolls
 e - 2 scrolls of butterflies
 f - 3 scrolls of magic mapping
 g - a scroll of teleportation
 k - a scroll of amnesia {unknown}
 l - 2 scrolls of fear
 m - a scroll of poison {unknown}
 o - a scroll of silence {unknown}
 q - a scroll of noise {unknown}
 t - a scroll of enchant weapon {unknown}
Potions
 d - 3 potions of might
 i - a potion of degeneration {unknown}
 j - 2 potions of curing
 p - a potion of magic {unknown}
 s - a potion of lignification {unknown}


   Skills:
 + Level 4.8 Fighting
 + Level 5.4 Axes
 + Level 5.7 Armour
 + Level 2.0 Dodging
 + Level 0.5 Stealth
 + Level 4.4 Shields


You had 5 spell levels left.
You didn't know any spells.
Your spell library contained the following spells:

 Spells                   Type           Power      Damage    Failure   Level
 Sandblast                Erth           0%         2d4       86%         1
 Passwall                 Tmut/Erth      0%         N/A       94%         2
 Scorch                   Fire           0%         2d5       94%         2
 Stone Arrow              Conj/Erth      0%         3d7       99%         3
 Ice Form                 Ice/Tmut       0%         N/A       100%        4
 Irradiate                Conj/Tmut      0%         3d11      100%        5
 Eringya's Noxious Bog    Tmut/Pois      0%         N/A       100%        6


Dungeon Overview and Level Annotations

Branches:
Dungeon (4/15)
 Temple: D:4-7

Altars:
Fedhas
Makhleb
Wu Jian


Innate Abilities, Weirdness & Mutations

You have a pair of horns on your head.
You reflexively headbutt those who attack you in melee.


Message History

You slash the orc!
You kill the orc!
An adder comes into view.
The adder hisses angrily.
You slash the worm! You headbutt the worm.
The worm is almost dead.
The worm bites you but does no damage.
You hit the worm.
The worm is almost dead.
You slash the worm!
You kill the worm!
You miss something. Your headbutt misses something.
The orc priest mumbles some strange prayers to Beogh against you.
Beogh smites you!
You hear some strange, mumbled words.
A puff of flame appears from out of thin air!
The puff of flame hits you.
You hit something but do no damage. You headbutt something!
Something hits you but does no damage.
You slash something!
Reactivating autopickup.
You feel a bit more experienced.
The orc priest looks braver for a moment.
The orc priest begins to cast a cantrip, but forgets the words!
Your Dodging skill increases to level 2!
The orc priest mumbles some strange prayers to Beogh against you.
Beogh smites you!
* * * LOW HITPOINT WARNING * * *
Items here: )) [ ††.
You completely miss the orc priest. Your headbutt misses the orc priest.
The orc priest hits you but does no damage.
You closely miss the orc priest.
The orc priest invokes the aid of Beogh against you.
Beogh smites you!
* * * LOW HITPOINT WARNING * * *
The orc priest attacks as you move away!
The orc priest hits you but does no damage.
The orc priest calls down the wrath of Beogh upon you.
Beogh smites you!
You die...

#...# #.#.#
#.#.# #.#.# #
#.#.# #.# #.#.#
.... #.#.# .....
##.#.#####o..#..
#....@.ooS......
####.#######.#..
#.# ###.##
#....#
#.#........
#.#<##.##.#
#.#.> ... #.####
#...


You could see an orc priest, an adder and 2 orcs.

Vanquished Creatures
  Grinder (D:4)
  Jessica (D:2)
  An orc wizard (D:4)
  Terence (D:2)
  A gnoll (D:1)
  6 adders
  5 worms
  3 dart slugs
  2 orcs
  8 ball pythons
  5 endoplasms
  3 giant cockroaches
  8 goblins
  7 hobgoblins
  5 quokkas
  9 bats
  6 frilled lizards
  4 kobolds (D:1)
  3 rats
79 creatures vanquished.

Notes
Turn   | Place    | Note
-------+----------+-------------------------------------------
     0 | D:1      | blahman3 the Minotaur Fighter began the quest for the Orb.
     0 | D:1      | Reached XP level 1. HP: 19/19 MP: 0/0
    90 | D:1      | Found a faded altar of an unknown god.
   228 | D:1      | Reached XP level 2. HP: 21/27 MP: 1/1
   452 | D:1      | Reached XP level 3. HP: 33/33 MP: 2/2
   752 | D:2      | Noticed Jessica
   756 | D:2      | Killed Jessica
   791 | D:2      | Reached XP level 4. HP: 41/41 MP: 3/3
  1147 | D:2      | Noticed Terence
  1158 | D:2      | Killed Terence
  1159 | D:2      | Reached XP level 5. HP: 32/47 MP: 4/4
  1176 | D:2      | Got Sif Muna's Teachings on Kindled Moulding
  1230 | D:2      | Found a burning altar of Makhleb.
  1336 | D:3      | Reached skill level 1 in Dodging
  1740 | D:3      | Reached skill level 5 in Armour
  2041 | D:3      | Found a blossoming altar of Fedhas.
  2046 | D:3      | Found an ornate altar of the Wu Jian Council.
  2429 | D:4      | Noticed Grinder
  2436 | D:4      | Paralysed by Grinder for 3 turns
  2444 | D:4      | Killed Grinder
  2445 | D:4      | Reached skill level 5 in Axes
  2445 | D:4      | Reached XP level 6. HP: 25/53 MP: 5/5
  2643 | D:4      | Killed from afar by an orc priest

Illustrated notes

Levels and vault maps discovered:
D:1:      dpeg_arrival_solitude, layout_basic, basic_ecumenical_altar
D:2:      layout_rooms, basic_altar, minmay_box_of_dots, uniq_terence,
          uniq_jessica
D:3:      layout_loops_corners, mainiacjoe_overflow_big_doors
D:4:      layout_basic, corner_web_ring, kennysheep_generic_room_16,
          uniq_grinder, uniq_pikel, uniq_sigmund

Skill      XL: |  1  2  3  4  5  6 |
---------------+-------------------+-----
Armour         | 4 5 |  5.7
Fighting       | 4 |  4.8
Axes           | 3 4 5 |  5.4
Shields        | 4 |  4.4
Dodging        | 1 2 |  2.0
Stealth        | |  0.5

Action                   |  1- 3 |  4- 6 || total
-------------------------+-------+-------++-------
Melee: War axe           |    62 |   118 ||   180
       Headbutt          |     9 |    15 ||    24
  Use: Scroll            |       |     6 ||     6
Armor: Scale mail        |    49 |    53 ||   102
Dodge: Dodged            |    35 |    76 ||   111
Block: Buckler           |    13 |    35 ||    48

Table legend: (Time is in decaauts)
 A = Elapsed time spent in this place.
 B = Non-inter-level travel time spent in this place.
 C = Inter-level travel time spent in this place.
 D = Time resting spent in this place.
 E = Time spent auto-exploring this place.
 F = Levels seen in this place.
 G = Mean time per level.
                   A        B        C        D        E       F      G
               +--------+--------+--------+--------+--------+-----+--------+
         Total |   2707 |   2707 |      0 |    141 |      0 |   4 |  676.8 |
       Dungeon |   2707 |   2707 |      0 |    141 |      0 |   4 |  676.8 |
               +--------+--------+--------+--------+--------+-----+--------+

Top non-repeatable levels by time:
     D:3: 1070 daAuts
     D:1: 720 daAuts
     D:2: 644 daAuts
     D:4: 273 daAuts
